 Dungeon Crawl Stone Soup version 0.24-a0-520-g8fd06ad0bc (webtiles) character file.

Game seed: 6580582149072836373

98156 AarnesTheHuman the Warrior (level 16, -2/157 (158) HPs)
             Began as an Ogre Wizard on July 22, 2019.
             Was the Champion of Hepliaklqana.
             Killed by the raging water
             ... invoked by a water nymph
              (14 damage)
             ... on level 1 of the Shoals on July 23, 2019.
             The game lasted 08:50:12 (42395 turns).

AarnesTheHuman the Warrior (Ogre Wizard)           Turns: 42395, Time: 08:50:12

HP:   -2/157 (158)  AC: 17    Str: 25    XL:     16   Next: 21%
MP:   26/33         EV:  6    Int: 25    God:    Hepliaklqana [******]
Gold: 455           SH:  0    Dex:  7    Spells: 4/42 levels left

rFire    + . .     SeeInvis .   E - +10 glaive "Heskiz" {flame, *Contam rElec Str+5}
rCold    . . .     Gourm    .   (shield currently unavailable)
rNeg     + + +     Faith    .   J - +5 storm dragon scales
rPois    .         Spirit   .   b - +1 hat
rElec    +         Reflect  .   Z - scarf {repulsion}
rCorr    .         Harm     .   (gloves unavailable)
MR       ++...                  (boots unavailable)
Stlth    ..........             L - amulet "Pahyung" {Inacc rF+ Str+4 Int+2}
HPRegen  0.36/turn              T - ring of Guqeig {Wiz *Drain rElec rN+++ Stlth+}
MPRegen  0.23/turn              h - ring of protection from magic

@: flying, very slightly contaminated, invisible, repel missiles
A: large, unfitting armour, reduced essence, deterioration 1, tough skin 1
a: Recall Ancestor, Ancestor Identity, Transference, Idealise, Renounce Religion


You were on level 1 of the Shoals.
You worshipped Hepliaklqana.
Hepliaklqana was exalted by your worship.
You were not hungry.

You visited 5 branches of the dungeon, and saw 25 of its levels.

You collected 2495 gold pieces.
You spent 2040 gold pieces at shops.

Inventory:

Hand Weapons
 E - the +10 glaive "Heskiz" (weapon) {flame, *Contam rElec Str+5}
   (You acquired it on level 7 of the Dungeon)

   It has been specially enchanted to burn those struck by it, causing extra
   injury to most foes and up to half again as much damage against particularly
   susceptible opponents.
   Big, fiery blades are also staple armaments of hydra-hunters.
   It affects your strength (+5).
   It insulates you from electricity.
   It causes magical contamination when unequipped.
Armour
 b - a +1 hat (worn)
 J - +5 storm dragon scales (worn)
 Z - a scarf of repulsion (worn)
Jewellery
 c - an uncursed ring of protection from cold
 h - a ring of protection from magic (right hand)
 w - an uncursed ring of protection from fire
 z - an uncursed ring of positive energy
 C - an uncursed ring of magical power
 L - the amulet "Pahyung" (around neck) {Inacc rF+ Str+4 Int+2}
   (You found it on level 13 of the Dungeon)

   [amulet of inaccuracy]

   It reduces the accuracy of all your attacks.
   It affects your strength (+4).
   It affects your intelligence (+2).
   It protects you from fire.
 S - a +4 ring of evasion
 T - the ring of Guqeig (left hand) {Wiz *Drain rElec rN+++ Stlth+}
   (You found it on level 2 of the Lair of Beasts)

   [ring of wizardry]

   It improves your spell success rate.
   It insulates you from electricity.
   It renders you almost immune to negative energy.
   It causes draining when unequipped.
   It makes you more stealthy.
 V - an uncursed ring of resist corrosion
Wands
 f - a wand of digging (11)
 o - a wand of flame (57)
 s - a wand of clouds (5)
 u - a wand of scattershot (5)
 B - a wand of acid (5)
 D - a wand of iceblast (9)
 G - a wand of polymorph (35)
 H - a wand of paralysis (32)
 Q - a wand of enslavement (25)
Scrolls
 j - a scroll of holy word
 k - 6 scrolls of immolation
 l - 17 scrolls of remove curse
 t - 3 scrolls of enchant weapon
 v - 3 scrolls of amnesia
 y - 2 scrolls of identify
 A - 6 scrolls of teleportation
 O - 3 scrolls of fog
 W - 2 scrolls of blinking
 X - a scroll of summoning
 Y - 2 scrolls of magic mapping
Potions
 i - 3 potions of resistance
 n - 5 potions of flight
 p - 14 potions of curing
 q - 2 potions of might
 r - 5 potions of lignification
 x - a potion of invisibility
 F - 2 potions of cancellation
 I - 3 potions of agility
 K - 2 potions of brilliance
 P - 2 potions of berserk rage
 U - a potion of magic
Miscellaneous
 R - a sack of spiders
Comestibles
 d - 25 rations


   Skills:
 + Level 15.2 Fighting
 - Level 12.0 Polearms
 - Level 1.7 Dodging
 - Level 1.4 Stealth
   Level 2.8 Shields
 + Level 13.8 Spellcasting
 + Level 13.9 Conjurations
 - Level 7.4 Summonings
 - Level 4.0 Translocations
 - Level 5.0 Air Magic
 - Level 2.8 Poison Magic


You had 4 spell levels left.
You knew the following spells:

 Your Spells              Type           Power        Failure   Level  Hunger
a - Magic Dart            Conj           ####         1%          1    None
b - Call Imp              Summ           ######..     1%          2    None
c - Blink                 Tloc           N/A          3%          2    None
d - Mephitic Cloud        Conj/Pois/Air  ######..     1%          3    None
e - Conjure Flame         Conj/Fire      ######..     1%          3    None
f - Orb of Destruction    Conj           ######....   26%         7    ######.
g - Force Lance           Conj/Tloc      ######..     2%          4    None
h - Iskenderun's Mystic   Conj           ######..     1%          4    None
i - Venom Bolt            Conj/Pois      ######....   9%          5    ##.....
j - Poisonous Vapours     Pois/Air       #####.       3%          2    None
k - Shock                 Conj/Air       ####         1%          1    None
m - Summon Lightning Spi  Summ/Air       #####...     9%          4    None

Your spell library contained the following spells:

 Spells                   Type           Power        Failure   Level  Hunger
 Searing Ray              Conj           ######       1%          2    None
 Dazzling Spray           Conj/Hex       ######       1%          3    None
 Static Discharge         Conj/Air       ######..     1%          3    None
 Stone Arrow              Conj/Erth      ######       1%          3    None
 Recall                   Summ/Tloc      N/A          3%          3    None
 Swiftness                Chrm/Air       ####....     6%          2    None
 Gell's Gravitas          Tloc           #####.....   6%          3    None
 Lesser Beckoning         Tloc           #####.....   6%          3    None
 Fulminant Prism          Conj/Hex       ######....   6%          4    None
 Confusing Touch          Hex            ###...       11%         1    None
 Sandblast                Erth           ###...       11%         1    None
 Airstrike                Air            #####.....   13%         4    None
 Slow                     Hex            ###.....     16%         2    None
 Confuse                  Hex            ###.....     30%         3    None
 Leda's Liquefaction      Hex/Erth       ###.......   67%         4    None
 Petrify                  Tmut/Erth      ###.....     67%         4    None
 Lightning Bolt           Conj/Air       ######....   6%          5    ##.....
 Aura of Abjuration       Summ           ######....   14%         5    ##.....
 Summon Demon             Summ           ######....   14%         5    ##.....
 Iskenderun's Battlesphe  Conj/Chrm      ######..     16%         5    ##.....
 Summon Forest            Summ/Tloc      #####.....   26%         5    ##.....
 Conjure Ball Lightning   Conj/Air       ######....   32%         6    #####..
 Bolt of Magma            Conj/Fire/Erth #####.....   38%         5    ##.....
 Summon Mana Viper        Hex/Summ       #####...     50%         5    ##.....
 Shadow Creatures         Summ           N/A          56%         6    #####..
 Iron Shot                Conj/Erth      ######....   63%         6    #####..
 Silence                  Hex/Air        ####......   67%         5    ##.....
 Spellforged Servitor     Conj/Summ      ######....   69%         7    ######.
 Freezing Cloud           Conj/Ice/Air   #####.....   71%         6    #####..
 Metabolic Englaciation   Hex/Ice        ###.......   94%         5    ##.....
 Yara's Violent Unravell  Hex/Tmut       ###.......   94%         5    ##.....
 Dispersal                Tloc           #####.....   95%         6    #####..
 Deflect Missiles         Chrm/Air       ####......   99%         6    #####..
 Ring of Flames           Chrm/Fire      ###.......   100%        7    ######.
 Tornado                  Air            #####.....   100%        9    #######


Dungeon Overview and Level Annotations

Branches:
Dungeon (15/15)            Temple (1/1) D:7            Lair (6/6) D:11
 Shoals (1/4) Lair:2       Spider (0/4) Lair:4        Slime (0/5) Lair:6
    Orc (2/2) D:12            Elf (0/3) Orc:2        Vaults (0/5) D:14
 Depths: D:15

Altars:
Ashenzari
Fedhas
Gozag
Hepliaklqana
Kikubaaqudgha
Okawaru
Ru
Vehumet
Wu Jian
Xom
Zin

Shops:
D:5 *   D:10 *   D:12 :((   D:13 %   Orc:2 }(=[*%:

Portals:
Pandemonium: Orc:2
Bazaar: Orc:2

Annotations:
D:2 1 exclusion
D:3 exclusions: downstairs and 1 more exclusion
D:5 1 exclusion
D:8 1 exclusion
D:9 exclusion: downstairs
D:10 exclusions: downstairs and 1 more exclusion
D:11 1 exclusion
D:13 exclusions: downstairs and 2 more exclusions
D:14 exclusion: downstairs
D:15 Louise
Lair:1 1 exclusion
Lair:2 3 exclusions
Lair:4 2 exclusions
Shoals:1 1 exclusion
Orc:1 1 exclusion
Orc:2 exclusions: orange crystal statue and 1 more exclusion


Innate Abilities, Weirdness & Mutations

You are too large for most types of armour.
You have tough skin. (AC +1)
Your life essence is reduced to manifest your ancestor. (-10% HP)
Your body sometimes deteriorates upon taking damage.


Message History

Attack whom?
Press: ? - help, Dir - move target cursor, f - water nymph
Aim: a water nymph
Okay, then.
Evoke which item? (* to show all) (? for menu, Esc to quit)
Aiming: Corrosive Bolt
Press: ? - help, Shift-Dir - straight line, f - water nymph
Aim: a water nymph The bolt of acid hits the water nymph!
The water nymph is splashed with acid.
The water nymph is heavily wounded.
The water nymph touches you. The water nymph drowns you!
* * * LOW HITPOINT WARNING * * *
Evoke which item? (* to show all) (? for menu, Esc to quit)
Aiming: Corrosive Bolt
Press: ? - help, Shift-Dir - straight line, f/p - water nymph
Aim: a water nymph (heavily wounded)
The bolt of acid misses the water nymph.
Ogrulf emerges from the mists of memory!
The water nymph casts a spell at you.
You die...

#..≈≈≈≈≈≈.# ##..≈≈≈≈≈≈≈
#..≈≈≈≈≈≈.###..≈≈(≈≈≈≈≈≈
#..≈≈≈≈≈..##..÷≈≈≈≈≈≈≈≈≈≈
..(≈≈≈≈.###...≈≈(≈≈≈≈≈≈≈≈≈≈≈≈≈≈≈≈
..≈≈≈≈.## ##..≈≈≈≈≈≈≈≈≈≈≈≈≈≈≈≈≈≈≈
..≈≈≈.## ##..≈≈≈≈≈≈≈≈≈≈≈≈≈≈≈≈≈≈
≈≈≈≈≈.# ##..≈≈≈≈≈≈≈≈≈≈≈≈≈≈≈≈≈
≈≈≈≈≈.## ##..≈≈≈≈≈≈..≈≈≈≈≈≈≈≈
≈.##...#### ##@.≈≈≈≈≈...≈≈≈≈≈≈≈
≈.#.......# ##m≈≈≈≈≈≈≈≈≈...≈≈≈
≈.........# ##.R≈≈...≈≈≈≈....≈≈
≈≈........# ##........≈≈≈≈.###.≈
........#.####.........≈≈≈..###.≈
..........)#..PP>..............≈≈
..........P....≈..###.........≈≈≈
........P≈≈≈.≈P...# ##.......≈≈≈≈
........≈≈≈≈PP.#?.###)......≈≈...


You could see the friendly Ogrulf the hexer and a water nymph.

Vanquished Creatures
  Rupert (D:14)
  An orc warlord (Orc:1)
  A dire elephant (Lair:6)
  Fannar (D:10)
  Erolcha (D:10)
  Harold (Lair:1)
  A catoblepas (Lair:4)
  8 hydras
  A death knight (D:13)
  A centaur warrior (D:14)
  4 two-headed ogres
  Urug (Lair:6)
  4 orc high priests (Orc:2)
  A deep troll (D:14)
  2 skeletal warriors
  A sea snake (Shoals:1)
  A gelid demonspawn (Orc:2)
  2 unseen horrors
  4 orc knights (Orc:2)
  A phantasmal warrior (D:14)
  A wolf spider zombie (D:14)
  2 harpies
  3 oklob plants
  4 orc sorcerers (Orc:2)
  2 manticores
  A cyclops (D:11)
  13 elephants
  A black mamba (Lair:5)
  2 gargoyles
  10 spiny frogs
  8 komodo dragons
  10 rime drakes
  2 hellwings
  A tengu conjurer (D:13)
  A guardian mummy (D:15)
  4 polar bears
  6 trolls
  A merfolk (Shoals:1)
  2 wind drakes
  Prince Ribbit (D:7)
  2 hornets
  5 slime creatures
  7 dream sheep
  10 blink frogs
  12 hippogriffs
  A ynoxinul (Orc:2)
  5 wraiths
  8 wyverns
  37 yaks
  Grum (D:8)
  5 basilisks
  2 steam dragons (Shoals:1)
  A vampire mosquito (D:10)
  A chaos spawn (Orc:2)
  A hungry ghost (D:7)
  2 soldier ants
  2 wargs (Orc:2)
  An acid dragon (D:15)
  8 water moccasins
  A hell hound (Lair:3)
  16 porcupines
  20 orc warriors
  11 ice beasts
  2 sky beasts
  A phantom (D:9)
  A black bear (D:11)
  A necrophage (D:9)
  12 ogres
  10 centaurs
  4 wolves
  13 crocodiles
  A big kobold (D:7)
  14 bullfrogs
  2 wyvern zombies
  A wyvern skeleton (D:13)
  5 scorpions
  8 killer bees
  2 wights (D:11)
  3 howler monkeys
  6 crimson imps
  A bullfrog skeleton (D:8)
  2 centaur zombies (D:10)
  2 quasits
  A wyvern simulacrum (D:11)
  A bullfrog zombie (D:5)
  2 hounds
  21 orc priests
  15 jellies
  5 centaur skeletons
  9 orc wizards
  4 iguanas
  3 hexers
  11 worker ants
  2 hound zombies
  A worker ant zombie (D:9)
  2 gnolls (D:4)
  14 adders
  4 shadow imps
  3 white imps (D:11)
  2 oozes (Lair:6)
  2 adder zombies (D:9)
  An adder skeleton (D:5)
  8 worms
  3 leopard geckos
  44 orcs
  5 giant cockroaches
  7 goblins
  4 hobgoblins
  3 jackals
  3 quokkas
  A ball python (D:2)
  A ball python skeleton (D:4)
  4 bats
  5 frilled lizards
  11 kobolds
  A leopard gecko zombie (D:8)
  7 rats
  A bush (Lair:3)
  3 fungi
  7 plants
584 creatures vanquished.

Vanquished Creatures (collateral kills)
  A merfolk javelineer (Shoals:1)
  A hydra (Lair:1)
  A vault guard (D:14)
  A merfolk avatar (Lair:6)
  2 centaur warriors
  A two-headed ogre (D:14)
  2 tengu warriors
  3 orc high priests
  A sea snake (Shoals:1)
  2 skeletal warriors (D:14)
  An unseen horror (D:13)
  An infernal demonspawn (Orc:2)
  A harpy (Shoals:1)
  2 oklob plants (Lair:2)
  2 ugly things
  An orc sorcerer (Orc:2)
  3 elephants (Lair:6)
  A spriggan zombie (D:15)
  A smoke demon (Orc:2)
  3 spiny frogs
  A centaur skeleton (D:12)
  4 rime drakes
  2 komodo dragons
  2 merfolk
  5 trolls
  A wind drake (Shoals:1)
  7 hippogriffs
  3 dream sheep
  3 blink frogs
  A snapping turtle (Shoals:1)
  A wraith (D:14)
  2 wyverns (Lair:4)
  3 yaks
  A steam dragon (Shoals:1)
  A hungry ghost (D:8)
  A neqoxec (Orc:2)
  Duvessa (D:4)
  4 water moccasins
  8 orc warriors
  A sky beast (D:8)
  3 porcupines
  6 ice beasts
  3 black bears
  5 centaurs
  An ogre (Orc:2)
  A crocodile (D:11)
  A big kobold (D:10)
  4 bullfrogs
  Dowan (D:4)
  A scorpion (D:7)
  3 killer bees
  A wight (D:11)
  An electric eel (Lair:3)
  A crimson imp (D:10)
  A hound (D:10)
  2 jellies (Lair:6)
  4 orc priests
  A bullfrog skeleton (D:7)
  An iguana (D:9)
  3 orc wizards
  A worker ant (Lair:4)
  A hound zombie (D:7)
  A hound skeleton (D:7)
  A gnoll (D:4)
  An adder (D:11)
  A shadow imp (D:10)
  A white imp (D:11)
  13 orcs
  A giant cockroach (Lair:4)
  2 jackals (D:6)
  A kobold (D:10)
  A bush (Lair:6)
  A fungus (Lair:6)
  4 plants
  A withered plant (D:15)
158 creatures vanquished.

Vanquished Creatures (others)
  53 hexers
  7 ancestors
  45 fungi
  35 plants
140 creatures vanquished.

Grand Total: 882 creatures vanquished

Notes
Turn   | Place    | Note
-------+----------+-------------------------------------------
     0 | D:1      | AarnesTheHuman the Ogre Wizard began the quest for the Orb.
     0 | D:1      | Reached XP level 1. HP: 16/16 MP: 5/5
   125 | D:1      | Reached skill level 1 in Conjurations
   207 | D:1      | Reached skill level 1 in Fighting
   207 | D:1      | Reached XP level 2. HP: 27/27 MP: 0/6
   227 | D:1      | Learned a level 2 spell: Call Imp
   278 | D:1      | Reached skill level 1 in Summonings
  1657 | D:2      | Reached XP level 3. HP: 24/33 MP: 1/8
  1661 | D:2      | Learned a level 2 spell: Blink
  1665 | D:2      | Learned a level 3 spell: Mephitic Cloud
  1917 | D:2      | Reached skill level 2 in Fighting
  2161 | D:2      | Reached XP level 4. HP: 42/42 MP: 7/10
  2196 | D:2      | Found a shimmering altar of Xom.
  2413 | D:2      | Found a faded altar of an unknown god.
  2521 | D:3      | Found a glowing silver altar of Zin.
  2797 | D:3      | Reached XP level 5. HP: 51/52 MP: 1/11
  2816 | D:3      | Reached skill level 3 in Fighting
  3737 | D:4      | Reached XP level 6. HP: 43/61 MP: 7/13
  3863 | D:4      | Noticed Dowan
  3868 | D:4      | Noticed Duvessa
  4306 | D:4      | Killed Duvessa
  4306 | D:4      | Reached skill level 5 in Spellcasting
  4314 | D:4      | Killed Dowan
  4314 | D:4      | Reached skill level 4 in Fighting
  4808 | D:4      | Reached XP level 7. HP: 58/71 MP: 12/15
  5010 | D:5      | Entered Level 5 of the Dungeon
  5478 | D:4      | Reached skill level 1 in Air Magic
  5478 | D:4      | Reached skill level 1 in Poison Magic
  5511 | D:5      | Found Isurch's Assorted Antiques.
  6404 | D:6      | Learned a level 3 spell: Conjure Flame
  6425 | D:6      | Noticed a yak
  6738 | D:6      | Reached skill level 1 in Translocations
  6748 | D:6      | Reached XP level 8. HP: 53/79 MP: 15/17
  7154 | D:6      | Killed a yak
  7491 | D:6      | Found an opulent altar of Gozag.
  7758 | D:6      | Noticed a brown ugly thing
  7781 | D:6      | Killed a brown ugly thing
  7781 | D:6      | Reached skill level 1 in Shields
  8070 | D:6      | Reached skill level 5 in Fighting
  8532 | D:7      | Noticed Prince Ribbit
  8594 | D:7      | Found a staircase to the Ecumenical Temple.
  8715 | D:7      | Noticed a hippogriff
  9063 | D:6      | Killed a hippogriff
  9063 | D:6      | Reached XP level 9. HP: 77/88 MP: 19/19
  9231 | Temple   | Entered the Ecumenical Temple
  9256 | Temple   | Became a worshipper of Hepliaklqana the Forgotten
  9296 | D:7      | Reached skill level 6 in Fighting
  9311 | D:7      | Learned a level 3 spell: Dazzling Spray
  9441 | D:7      | Killed Prince Ribbit
  9441 | D:7      | Reached skill level 5 in Conjurations
  9653 | D:7      | Identified 3 scrolls of acquirement
  9653 | D:7      | Identified the Disquisition on Dislocation and Earth (You
                  | acquired it on level 7 of the Dungeon)
  9666 | D:7      | Got a pitted glaive
  9667 | D:7      | Identified the +10 glaive "Heskiz" {flame, *Contam rElec
                  | Str+5} (You acquired it on level 7 of the Dungeon)
  9837 | D:8      | Learned a level 4 spell: Force Lance
  9916 | D:8      | Learned a level 4 spell: Iskenderun's Mystic Blast
  9928 | D:8      | Reached skill level 1 in Polearms
  9966 | D:8      | Noticed Grum
 10008 | D:8      | Killed Grum
 10260 | D:8      | Noticed a two-headed ogre
 10277 | D:8      | Killed a two-headed ogre
 10277 | D:8      | Reached skill level 7 in Fighting
 10277 | D:8      | Reached XP level 10. HP: 91/91 MP: 15/22
 10474 | D:8      | Reached * piety under Hepliaklqana
 12262 | D:9      | Reached skill level 8 in Fighting
 12345 | D:9      | Reached skill level 5 in Polearms
 13063 | D:10     | Entered Level 10 of the Dungeon
 13065 | D:10     | Noticed Erolcha
 13186 | D:10     | Found Watarphyn's Assorted Antiques.
 13201 | D:10     | Bought a scroll of teleportation for 75 gold pieces
 13263 | D:10     | Noticed Fannar
 13488 | D:10     | Killed Fannar
 14086 | D:10     | Reached XP level 11. HP: 91/101 MP: 22/23
 14094 | D:10     | Reached ** piety under Hepliaklqana
 14096 | D:10     | Remembered your ancestor Ogrulf as a hexer
 14910 | D:10     | Learned a level 3 spell: Stone Arrow
 14912 | D:10     | Reached skill level 9 in Fighting
 15354 | D:10     | Killed Erolcha
 15630 | D:10     | Killed an unseen horror
 16288 | D:11     | Got a slimy rapier
 16777 | D:11     | Noticed a cyclops
 16868 | D:11     | Killed a cyclops
 16868 | D:11     | Reached skill level 10 in Fighting
 16980 | D:11     | Found a staircase to the Lair.
 17129 | D:11     | Reached XP level 12. HP: 48/113 MP: 19/25
 17526 | Lair:1   | Entered Level 1 of the Lair of Beasts
 17558 | Lair:1   | Noticed a seven-headed hydra
 17563 | Lair:1   | Killed a six-headed hydra
 17563 | Lair:1   | Reached skill level 10 in Spellcasting
 17614 | Lair:1   | Learned a level 2 spell: Poisonous Vapours
 17681 | Lair:1   | Noticed a four-headed hydra
 17686 | Lair:1   | Killed a three-headed hydra
 17810 | Lair:1   | Reached *** piety under Hepliaklqana
 17874 | Lair:1   | Noticed a four-headed hydra
 17882 | Lair:1   | Killed a one-headed hydra
 18055 | Lair:1   | Noticed Harold
 18071 | Lair:1   | Killed Harold
 18686 | Lair:2   | Found a staircase to the Shoals.
 18873 | Lair:2   | Reached skill level 11 in Fighting
 18873 | Lair:2   | Reached skill level 10 in Conjurations
 19072 | Lair:2   | Reached skill level 10 in Polearms
 19146 | Lair:2   | Reached XP level 13. HP: 80/123 MP: 23/27
 20879 | Lair:2   | Got a wavering copper ring
 20889 | Lair:2   | Identified the ring of Guqeig {Wiz *Drain rElec rN+++
                  | Stlth+} (You found it on level 2 of the Lair of Beasts)
 21244 | Lair:3   | You fall into a shaft and drop 2 floors!
 21258 | Lair:5   | Reached **** piety under Hepliaklqana
 21541 | Lair:4   | Found a hole to the Spider Nest.
 23116 | D:12     | Found Egideaju's Book Shoppe.
 23125 | D:12     | Bought a book of Air for 490 gold pieces
 23127 | D:12     | Learned a level 1 spell: Shock
 23131 | D:12     | Learned a level 3 spell: Static Discharge
 23302 | D:11     | Reached skill level 5 in Summonings
 23485 | D:12     | Reached skill level 12 in Fighting
 23662 | D:12     | Found Legomarchack's Antique Weapon Shop.
 23709 | D:12     | Found a staircase to the Orcish Mines.
 23875 | D:12     | Reached ***** piety under Hepliaklqana
 23907 | D:12     | Found Lemagysa's Antique Weapon Boutique.
 24826 | D:13     | Found Ankianig's Food Shop.
 25199 | D:13     | Got a shimmering bronze amulet
 25263 | D:13     | Identified the amulet "Pahyung" {Inacc rF+ Str+4 Int+2}
                  | (You found it on level 13 of the Dungeon)
 25271 | D:13     | Learned a level 5 spell: Lightning Bolt
 25330 | Orc:1    | Entered Level 1 of the Orcish Mines
 25772 | Orc:2    | Entered Level 2 of the Orcish Mines
 25802 | Orc:2    | Noticed an orc warlord
 25852 | Orc:1    | Killed an orc warlord
 25852 | Orc:1    | Reached XP level 14. HP: 104/135 MP: 2/29
 26045 | D:12     | Bought a book of Power for 630 gold pieces
 26349 | Orc:2    | Found Kipn's Antique Armour Shop.
 26454 | Orc:2    | Found Sititet's Book Shoppe.
 26574 | Orc:2    | Found Cinno's Jewellery Boutique.
 27055 | Orc:2    | Found Wyaf Ota's Food Emporium.
 27056 | Orc:2    | Found Jemp's General Store.
 27917 | Orc:2    | Reached skill level 13 in Fighting
 28009 | Orc:2    | Gained mutation: Your body sometimes deteriorates upon
                  | taking damage. [a neqoxec]
 28441 | Orc:2    | Paralysed by an orc sorcerer for 3 turns
 28604 | Orc:2    | Paralysed by an orc sorcerer for 5 turns
 29424 | Orc:2    | Found Faninial's Gadget Shop.
 29424 | Orc:2    | Found Tutoyn's Antique Weapon Boutique.
 29446 | Orc:2    | Found a gateway to a bazaar.
 29807 | Orc:1    | Upgraded the game from 0.24-a0-517-gd52e2fb918 to
                  | 0.24-a0-520-g8fd06ad0bc
 29825 | Orc:1    | Learned a level 5 spell: Venom Bolt
 33286 | Orc:2    | Bought a book of the Sky for 845 gold pieces
 33399 | Orc:2    | Reached XP level 15. HP: 119/145 MP: 13/31
 33482 | Orc:2    | Learned a level 4 spell: Summon Lightning Spire
 33605 | Orc:2    | Found a one-way gate leading to the halls of Pandemonium.
 33762 | Orc:2    | Found a staircase to the Elven Halls.
 34020 | Orc:2    | Noticed an orc warlord
 34423 | Lair:6   | Entered Level 6 of the Lair of Beasts
 34912 | Lair:6   | Reached skill level 14 in Fighting
 35755 | Lair:6   | Found a staircase to the Slime Pits.
 36458 | Lair:6   | Noticed Urug
 36475 | Lair:6   | Killed Urug
 38003 | D:14     | Reached ****** piety under Hepliaklqana
 38084 | D:14     | Learned a level 7 spell: Orb of Destruction
 38954 | D:14     | Noticed Rupert
 38999 | D:14     | Killed Rupert
 39753 | D:14     | Found a gate to the Vaults.
 39857 | D:15     | Entered Level 15 of the Dungeon
 39961 | D:15     | Reached XP level 16. HP: 155/155 MP: 23/33
 40173 | D:15     | Noticed Louise
 40789 | D:14     | Reached skill level 15 in Fighting
 41380 | Shoals:1 | Entered Level 1 of the Shoals
 41881 | Shoals:1 | Got a jewelled halberd
 41938 | Shoals:1 | Identified the cursed +2 halberd of Ucko {freeze, Int+3}
                  | (You found it on level 1 of the Shoals)
 41992 | Shoals:1 | Reached skill level 5 in Air Magic
 42395 | Shoals:1 | Killed from afar by a water nymph

Levels and vault maps discovered:
D:1:      dpeg_arrival_three_smaller_balls, layout_basic,
          corexii_leaking_fountain, supply_closet_lemuel
D:2:      layout_loops_ring, chequers_ecumenical_altar_simple, first_ration,
          xom_teletrap_fun
D:3:      layout_rooms, zin_scriptorium, kennysheep_cluttered_room
D:4:      layout_loops_ring, uniq_duvessa
D:5:      layout_rooms, serial_shops, nicolae_shop_trees
D:6:      minmay_inner_zag, layout_basic, minivault_23,
          nicolae_gozag_cash_rules_everything_around_me
D:7:      layout_rooms, minmay_temple_entry_offerings, uniq_prince_ribbit1
D:8:      layout_loops_ring, serial_co_window_serial, co_window_paths_b,
          co_window_of_opportunity_a, co_window_corner_a, co_window_paths_a,
          co_window_of_opportunity_a, co_window_paths_a, co_window_corner_a,
          co_window_unsneaky_path_c, co_window_paths_c, co_window_corner_b,
          co_window_broadway_b, glass_columns_c, glass_columns_a, uniq_grum
D:9:      layout_loops_ring, hangedman_fish_farm
D:10:     layout_small_grid, serial_shops, shop,
          minmay_fractal_squares_gapless_7, uniq_erolcha, uniq_fannar
D:11:     layout_stronghold, due_lair_maze_entry_diamond, serial_ice,
          serial_ice_j, serial_ice_g, serial_ice_a, serial_ice_e,
          portal_ice_cave_entry_ice_beasts
D:12:     layout_basic, orc_0_dummy, serial_shops, shop, nicolae_shop_stone,
          shop
D:13:     layout_long_grid, serial_shops, shop
D:14:     layout_roguey, david_vaults_4, minmay_misc_feat_cross, uniq_rupert
D:15:     gammafunk_depths_entry_grave, layout_rooms, basic_altar,
          minmay_fire_ice_demons, uniq_louise
Temple:   compressed_dpeg_circular_temple
Lair:1:   layout_roguey, grunt_megastairs_2, infiniplex_staircase_pool_2,
          lemuel_fruit_tree, uniq_harold
Lair:2:   layout_loops_ring, minmay_shoals_entry_centaurs, grunt_megastairs_5,
          minmay_lair_oklob_chamber
Lair:3:   layout_loops_ring, beast_lair_carwin_11, infiniplex_staircase_pool
Lair:4:   layout_loops_ring, nicolae_spider_entry_non_spiders, special_room
          [special_room_mythical_zoo], serial_bayou_shore_b
Lair:5:   layout_concentric_octagons, grunt_megastairs_4
Lair:6:   gammafunk_lair_ancient_temple, layout_regular_city,
          minmay_slime_entry_jelly_boxes, serial_forest,
          infiniplex_forest_clump_diagonal, infiniplex_forest_zigzag_2,
          infiniplex_forest_fountain, infiniplex_forest_clump_double,
          minmay_stone_trees_medium, hibernation_bobbens, uniq_urug
Shoals:1: layout_shoals, serial_shops, shop_coins, nicolae_shoals_drake_roost
Orc:1:    lemuel_ogre_cave, layout_caves
Orc:2:    pf_orc_diabolical, layout_diamond_mine, serial_shops, statue_bzr,
          nicolae_shop_waterfront, shop, nicolae_shop_window_shopping

Skill      XL: |  1  2  3  4  5  6  7  8  9 10 11 12 13 14 15 16 |
---------------+-------------------------------------------------+-----
Conjurations   | 1 2 3 4 5 7 8 10 11 12 13 | 13.9
Fighting       | 1 2 3 4 5 7 8 10 11 12 13 14 15 | 15.2
Summonings     | 1 2 3 5 7 |  7.4
Spellcasting   | 4 5 6 8 9 10 11 12 13 | 13.8
Air Magic      | 1 3 4 5 |  5.0
Poison Magic   | 1 2 |  2.8
Translocations | 1 2 4 |  4.0
Shields        | 1 2 |  2.8
Polearms       | 3 6 8 10 11 12 | 12.0
Dodging        | |  1.7
Stealth        | |  1.4

Action                   |  1- 3 |  4- 6 |  7- 9 | 10-12 | 13-15 | 16-18 || total
-------------------------+-------+-------+-------+-------+-------+-------++-------
Melee: Short sword       |    46 |     4 |       |       |       |       ||    50
       Unarmed           |    11 |       |       |       |       |       ||    11
       Spear             |       |   140 |   156 |       |       |       ||   296
       Glaive            |       |       |    19 |   223 |   725 |    44 ||  1011
 Cast: Magic Dart        |    76 |   131 |   149 |    26 |    66 |       ||   448
       Call Imp          |     2 |    20 |    55 |    78 |   138 |     4 ||   297
       Blink             |       |       |     1 |     1 |     9 |     6 ||    17
       Mephitic Cloud    |       |       |     6 |    34 |    87 |    17 ||   144
       Iskenderun's Myst |       |       |     4 |   148 |   227 |     9 ||   388
       Force Lance       |       |       |       |    22 |    27 |     8 ||    57
       Stone Arrow       |       |       |       |     3 |       |       ||     3
       Conjure Flame     |       |       |       |     1 |     1 |     1 ||     3
       Poisonous Vapours |       |       |       |     1 |    55 |    36 ||    92
       Shock             |       |       |       |       |     6 |       ||     6
       Static Discharge  |       |       |       |       |     3 |       ||     3
       Lightning Bolt    |       |       |       |       |    27 |       ||    27
       Venom Bolt        |       |       |       |       |    12 |       ||    12
       Summon Lightning  |       |       |       |       |     8 |    10 ||    18
Invok: Ancestor Identity |       |       |     1 |       |       |       ||     1
       Recall Ancestor   |       |       |       |     1 |     4 |     2 ||     7
       Ancestor Life: He |       |       |       |     1 |       |       ||     1
       Idealise          |       |       |       |       |       |     1 ||     1
Evoke: Wand              |       |       |       |     9 |     5 |     3 ||    17
  Use: Scroll            |       |    11 |    15 |    14 |    19 |     5 ||    64
       Potion            |       |       |     3 |     1 |     3 |     3 ||    10
 Stab: Distracted        |       |     1 |     2 |     2 |    11 |     1 ||    17
       Confused          |       |       |     2 |     2 |    15 |     1 ||    20
       Paralysed         |       |       |       |       |    21 |     3 ||    24
  Eat: Chunk             |     4 |     5 |     5 |    23 |    34 |     2 ||    73
       Ration            |       |     1 |     4 |     4 |    11 |     2 ||    22
Armor: Robe              |    17 |    33 |    85 |    13 |       |       ||   148
       Troll leather arm |       |       |       |    75 |     4 |       ||    79
       Storm dragon scal |       |       |       |       |   441 |    66 ||   507
Dodge: Dodged            |    33 |    73 |   116 |    80 |   181 |    31 ||   514
       Deflected         |       |       |       |       |       |     1 ||     1

Table legend:
 A = Non-vault XP
 B = Vault XP
 C = Vault XP percentage of total XP
 D = Non-vault monster count
 E = Vault monster count
 F = Vault count percentage of total count
                 A         B        C        D         E       F
            +---------+---------+-------+---------+---------+-------
      Total |   80997 |   59226 |  42.2 |     502 |     219 |  30.4
            +---------+---------+-------+---------+---------+-------
        D:1 |      24 |       0 |   0.0 |      13 |       0 |   0.0
        D:2 |      86 |       0 |   0.0 |      18 |       0 |   0.0
        D:3 |     159 |       0 |   0.0 |      24 |       0 |   0.0
        D:4 |     306 |     134 |  30.5 |      19 |       2 |   9.5
        D:5 |     215 |       0 |   0.0 |       6 |       0 |   0.0
        D:6 |     988 |     367 |  27.1 |      13 |       3 |  18.8
        D:7 |     671 |     193 |  22.3 |      20 |       1 |   4.8
        D:8 |    1891 |     470 |  19.9 |      26 |       4 |  13.3
        D:9 |    2060 |     303 |  12.8 |      26 |       1 |   3.7
       D:10 |    1855 |    3408 |  64.8 |      34 |       8 |  19.0
       D:11 |    4959 |    2500 |  33.5 |      27 |      26 |  49.1
       D:12 |    3913 |       0 |   0.0 |      33 |       0 |   0.0
       D:13 |    7872 |       0 |   0.0 |      22 |       0 |   0.0
       D:14 |    9716 |    5244 |  35.1 |      28 |       4 |  12.5
       D:15 |    2641 |     666 |  20.1 |       7 |       2 |  22.2
     Lair:1 |    5968 |    1484 |  19.9 |      21 |       5 |  19.2
     Lair:2 |    5293 |    3276 |  38.2 |      18 |      12 |  40.0
     Lair:3 |    3685 |    2199 |  37.4 |      16 |      12 |  42.9
     Lair:4 |    1901 |    7023 |  78.7 |      10 |      29 |  74.4
     Lair:5 |    8288 |     599 |   6.7 |      33 |       4 |  10.8
     Lair:6 |    8068 |   13167 |  62.0 |      24 |      41 |  63.1
   Shoals:1 |    4643 |    2604 |  35.9 |      10 |       9 |  47.4
      Orc:1 |    3546 |     332 |   8.6 |      21 |       1 |   4.5
      Orc:2 |    2249 |   15257 |  87.2 |      33 |      55 |  62.5
            +---------+---------+-------+---------+---------+-------
